 Dungeon Crawl Stone Soup version 0.23.2-40-g277498a001 (webtiles) character file.

Game seed: 13620472499557730995

739284 Amplified the Demon Slayer (level 27, -3/273 HPs)
             Began as a Hill Orc Fighter on Oct 1, 2019.
             Was a High Priest of the Shining One.
             Slain by a tentacled monstrosity (6 damage)
             ... summoned by the power of Zot
             ... on level 5 of the Realm of Zot.
             The game lasted 01:46:59 (70548 turns).

Amplified the Demon Slayer (Hill Orc Fighter)      Turns: 70548, Time: 01:46:59

Health: -3/273     AC: 27    Str: 34 (37) XL:     27
Magic:  0/40       EV: 21    Int: 10      God:    the Shining One [*****.]
Gold:   3962       SH:  8    Dex: 23      Spells: 42/45 levels left

rFire    + + .     SeeInvis .   S - +9 longbow (holy)
rCold    . . .     Gourm    .   (shield currently unavailable)
rNeg     + + .     Faith    .   C - +5 scale mail of Kueth {rF+ Int+2}
rPois    +         Spirit   .   p - +3 helmet "Tevvi" {rElec Stlth+}
rElec    +         Reflect  +   L - +2 cloak {+Inv}
rCorr    +         Harm     .   m - +0 pair of gloves of Optimism {rPois rF+}
MR       ++...                  w - +2 pair of boots {Stlth+}
Stlth    +.........             D - brooch of Shielding {Reflect SH+8}
HPRegen  0.55/turn              J - ring "Ogamell" {rCorr Dex+5}
MPRegen  0.27/turn              A - ring "Amatwes" {Wiz *Drain rElec Str+10 Dex+3}

@: about to teleport, corroded, hasted and slowed, glowing, constricted
A: mutation resistance 1
}: 5/15 runes: serpentine, barnacled, slimy, silver, abyssal
a: Divine Shield, Cleansing Flame, Summon Divine Warrior, Renounce Religion,
Evoke Invisibility


You were on level 5 of the Realm of Zot.
You worshipped the Shining One.
The Shining One was extremely pleased with you.
You were full.

You visited 12 branches of the dungeon, and saw 58 of its levels.
You visited the Abyss 2 times.
You visited 1 ziggurat, and saw 7 of its levels.
You also visited: Ossuary, Gauntlet and Ice Cave.

You collected 6931 gold pieces.
You spent 2969 gold pieces at shops.

Inventory:

Hand Weapons
 e - the +8 storm bow {elec}
   (You found it on level 5 of the Pits of Slime)

   It charges the ammunition it shoots with electricity; occasionally upon a
   hit, such missiles may discharge and cause terrible harm.
 N - the +8 longbow of Couzxal {speed, Int+4}
   (You found it on level 3 of the Lair of Beasts)

   Attacks with this weapon are significantly faster.
   It affects your intelligence (+4).
 S - a +9 longbow of holy wrath (weapon)
Missiles
 E - 871 arrows (quivered)
Armour
 m - the +0 pair of gloves of Optimism (worn) {rPois rF+}
   (You found it on level 5 of the Pits of Slime)

   It protects you from fire.
   It protects you from poison.
 p - the +3 helmet "Tevvi" (worn) {rElec Stlth+}
   (You found it on level 4 of a ziggurat)

   It insulates you from electricity.
   It makes you more stealthy.
 w - a +2 pair of boots of stealth (worn)
 x - the +2 pair of gloves "Tile" {rElec rC+ Int+4}
   (You found it in a Gauntlet)

   It affects your intelligence (+4).
   It protects you from cold.
   It insulates you from electricity.
 C - the +5 scale mail of Kueth (worn) {rF+ Int+2}
   (You took it off a minotaur in a Gauntlet)

   It affects your intelligence (+2).
   It protects you from fire.
 H - the +1 cloak "Ficzir" {*Slow rC+++ MR- SInv}
   (You found it on level 3 of the Elven Halls)

   It renders you almost immune to cold.
   It affects your resistance to hostile enchantments.
   It lets you see invisible.
   It may slow you when you take damage.
 L - a +2 cloak of invisibility (worn)
Jewellery
 n - the ring of Ciqai {rElec rN+ Str+3 SInv Stlth+}
   (You found it on level 5 of the Pits of Slime)

   [ring of see invisible]

   It affects your strength (+3).
   It insulates you from electricity.
   It protects you from negative energy.
   It lets you see invisible.
   It makes you more stealthy.
 o - an uncursed ring of protection from fire
 s - an uncursed ring of protection from cold
 y - the ring "Pehankut" {rCorr +Inv MR+}
   (You found it on level 5 of the Pits of Slime)

   [ring of resist corrosion]

   It affects your resistance to hostile enchantments.
   It lets you turn invisible.
 z - an uncursed ring of poison resistance
 A - the ring "Amatwes" (right hand) {Wiz *Drain rElec Str+10 Dex+3}
   (You found it in a Gauntlet)

   [ring of wizardry]

   It improves your spell success rate.
   It affects your strength (+10).
   It affects your dexterity (+3).
   It insulates you from electricity.
   It causes draining when unequipped.
 D - the brooch of Shielding (around neck) {Reflect SH+8}
   (You took it off a vault guard on level 5 of the Vaults)

   [amulet of reflection]

   It shields you and reflects attacks.
   It affects your SH (+8).
 J - the ring "Ogamell" (left hand) {rCorr Dex+5}
   (You found it on level 3 of the Crypt)

   [ring of resist corrosion]

   It affects your dexterity (+5).
Wands
 r - a wand of disintegration (93)
 u - a wand of scattershot (17)
 G - a wand of acid (31)
 I - a wand of iceblast (83)
 P - a wand of paralysis (22)
 W - a wand of polymorph (9)
Scrolls
 a - 7 scrolls of magic mapping
 c - 19 scrolls of teleportation
 g - 2 scrolls of silence
 i - 8 scrolls of fear
 k - 25 scrolls of remove curse
 l - 6 scrolls of identify
 K - a scroll of brand weapon
 M - 4 scrolls of blinking
 R - a scroll of summoning
 Y - 2 scrolls of amnesia
 Z - 3 scrolls of fog
Potions
 b - 20 potions of curing
 h - a potion of ambrosia
 q - 3 potions of mutation
 v - 3 potions of cancellation
 F - 4 potions of brilliance
 Q - 2 potions of might
 T - a potion of resistance
 V - 5 potions of flight
Miscellaneous
 j - a lamp of fire
 U - 3 phantom mirrors
Comestibles
 f - 89 rations


   Skills:
 O Level 27 Fighting
   Level 14.0 Axes
 - Level 20.2 Bows
 - Level 20.7 Armour
 - Level 14.7 Dodging
   Level 12.6 Shields
 * Level 9.9 Spellcasting
 * Level 12.5 Hexes
 O Level 27 Invocations
 - Level 16.0 Evocations


You had 42 spell levels left.
You knew the following spells:

 Your Spells              Type           Power        Failure   Level  Hunger
a - Confusing Touch       Hex            ####..       1%          1    None
b - Blink                 Tloc           N/A          12%         2    #......

Your spell library contained the following spells:

 Spells                   Type           Power        Failure   Level  Hunger
 Corona                   Hex            ####...      1%          1    None
 Ensorcelled Hibernation  Hex/Ice        ###...       1%          2    #......
 Slow                     Hex            ####....     1%          2    #......
 Confuse                  Hex            ####....     1%          3    ##.....
 Dazzling Spray           Conj/Hex       ###...       1%          3    ##.....
 Inner Flame              Hex/Fire       ###.....     1%          3    ##.....
 Portal Projectile        Hex/Tloc       ###...       1%          3    ##.....
 Spectral Weapon          Hex/Chrm       ###.....     1%          3    ##.....
 Summon Guardian Golem    Hex/Summ       ###.....     1%          3    ##.....
 Tukima's Dance           Hex            ####....     1%          3    ##.....
 Cause Fear               Hex            ####......   1%          4    ####...
 Fulminant Prism          Conj/Hex       ###.......   6%          4    ####...
 Leda's Liquefaction      Hex/Erth       ###.......   6%          4    ####...
 Animate Skeleton         Necr           N/A          9%          1    None
 Apportation              Tloc           #.....       9%          1    None
 Beastly Appendage        Tmut           #.....       9%          1    None
 Flame Tongue             Conj/Fire      #....        9%          1    None
 Freeze                   Ice            #...         9%          1    None
 Infusion                 Chrm           #...         9%          1    None
 Magic Dart               Conj           #...         9%          1    None
 Pain                     Necr           #...         9%          1    None
 Sandblast                Erth           #.....       9%          1    None
 Shock                    Conj/Air       #...         9%          1    None
 Sting                    Conj/Pois      #...         9%          1    None
 Summon Butterflies       Summ           #.......     9%          1    None
 Summon Small Mammal      Summ           #...         9%          1    None
 Call Imp                 Summ           #.......     12%         2    #......
 Passwall                 Tmut/Erth      #.......     12%         2    #......
 Poisonous Vapours        Pois/Air       #.....       12%         2    #......
 Searing Ray              Conj           #.....       12%         2    #......
 Shroud of Golubria       Chrm/Tloc      #.........   12%         2    #......
 Song of Slaying          Chrm           #.......     12%         2    #......
 Sticks to Snakes         Tmut           #.......     12%         2    #......
 Sublimation of Blood     Necr           #.........   12%         2    #......
 Swiftness                Chrm/Air       #.......     12%         2    #......
 Throw Flame              Conj/Fire      #.....       12%         2    #......
 Throw Frost              Conj/Ice       #.....       12%         2    #......
 Metabolic Englaciation   Hex/Ice        ###.......   17%         5    ######.
 Yara's Violent Unravell  Hex/Tmut       ###.......   17%         5    ######.
 Call Canine Familiar     Summ           #.......     24%         3    ##.....
 Conjure Flame            Conj/Fire      #.......     24%         3    ##.....
 Gell's Gravitas          Tloc           #.........   24%         3    ##.....
 Ignite Poison            Fire/Tmut/Pois #.......     24%         3    ##.....
 Mephitic Cloud           Conj/Pois/Air  #.......     24%         3    ##.....
 Ozocubu's Armour         Chrm/Ice       #.......     24%         3    ##.....
 Regeneration             Chrm/Necr      #.........   24%         3    ##.....
 Spider Form              Tmut/Pois      #.........   24%         3    ##.....
 Static Discharge         Conj/Air       #.......     24%         3    ##.....
 Stone Arrow              Conj/Erth      #.....       24%         3    ##.....
 Vampiric Draining        Necr           #.........   24%         3    ##.....
 Airstrike                Air            #.........   58%         4    ####...
 Animate Dead             Necr           N/A          58%         4    ####...
 Force Lance              Conj/Tloc      #.......     58%         4    ####...
 Ice Form                 Ice/Tmut       #.......     58%         4    ####...
 Iskenderun's Mystic Bla  Conj           #.......     58%         4    ####...
 Petrify                  Tmut/Erth      #.......     58%         4    ####...
 Sticky Flame             Conj/Fire      #.......     58%         4    ####...
 Summon Ice Beast         Ice/Summ       #.......     58%         4    ####...
 Summon Lightning Spire   Summ/Air       #.......     58%         4    ####...
 Throw Icicle             Conj/Ice       #.......     58%         4    ####...
 Agony                    Necr           #.......     89%         5    ######.
 Alistair's Intoxication  Tmut/Pois      #.......     89%         5    ######.
 Blade Hands              Tmut           #.........   89%         5    ######.
 Bolt of Magma            Conj/Fire/Erth #.........   89%         5    ######.
 Borgnjor's Vile Clutch   Necr/Erth      #.........   89%         5    ######.
 Excruciating Wounds      Chrm/Necr      #.........   89%         5    ######.
 Irradiate                Conj/Tmut      #.........   89%         5    ######.
 Iskenderun's Battlesphe  Conj/Chrm      #.......     89%         5    ######.
 Lee's Rapid Deconstruct  Erth           #.........   89%         5    ######.
 Lightning Bolt           Conj/Air       #.........   89%         5    ######.
 Venom Bolt               Conj/Pois      #.........   89%         5    ######.
 Bolt of Cold             Conj/Ice       #.........   100%        6    #######
 Bolt of Fire             Conj/Fire      #.........   100%        6    #######
 Death Channel            Necr           #.........   100%        6    #######
 Dispersal                Tloc           #.........   100%        6    #######
 Freezing Cloud           Conj/Ice/Air   #.........   100%        6    #######
 Iron Shot                Conj/Erth      #.........   100%        6    #######
 Ozocubu's Refrigeration  Ice            #.........   100%        6    #######
 Poison Arrow             Conj/Pois      #.........   100%        6    #######
 Simulacrum               Ice/Necr       #.........   100%        6    #######
 Statue Form              Tmut/Erth      #........    100%        6    #######
 Dragon Form              Tmut           #.........   100%        7    #######
 Haunt                    Necr/Summ      #.........   100%        7    #######
 Malign Gateway           Summ/Tloc      #.........   100%        7    #######
 Orb of Destruction       Conj           #.........   100%        7    #######
 Ring of Flames           Chrm/Fire      #.........   100%        7    #######
 Spellforged Servitor     Conj/Summ      #.........   100%        7    #######
 Borgnjor's Revivificati  Necr           #.........   100%        8    #######
 Chain Lightning          Conj/Air       #.........   100%        8    #######
 Controlled Blink         Tloc           N/A          100%        8    #######
 Death's Door             Chrm/Necr      #.........   100%        8    #######
 Disjunction              Tloc           #.........   100%        8    #######
 Ignition                 Fire           #.........   100%        8    #######
 Infestation              Necr           #.........   100%        8    #######
 Lehudib's Crystal Spear  Conj/Erth      #.........   100%        8    #######
 Necromutation            Tmut/Necr      #.........   100%        8    #######
 Dragon's Call            Summ           #.........   100%        9    #######
 Fire Storm               Conj/Fire      #.........   100%        9    #######
 Glaciate                 Conj/Ice       #.........   100%        9    #######
 Shatter                  Erth           #.........   100%        9    #######
 Tornado                  Air            #.........   100%        9    #######


Dungeon Overview and Level Annotations

Branches:
Dungeon (15/15)            Temple (1/1) D:6            Lair (6/6) D:11
 Shoals (4/4) Lair:3        Snake (4/4) Lair:2        Slime (5/5) Lair:5
    Orc (2/2) D:9             Elf (3/3) Orc:2        Vaults (5/5) D:14
  Crypt (3/3) Vaults:3       Tomb (0/3) Crypt:3      Depths (5/5) D:15
    Zot (5/5) Depths:5

Altars:
Ashenzari
Cheibriados
Dithmenos
Elyvilon
Fedhas
Gozag
Hepliaklqana
Kikubaaqudgha
Makhleb
Nemelex Xobeh
Okawaru
Qazlal
Ru
Sif Muna
Trog
Uskayaw
Vehumet
Wu Jian
Xom
Yredelemnul
Zin
The Shining One
Beogh
Jiyva

Shops:
D:4 ([   D:6 !   D:7 =   D:8 *   D:10 ?   Orc:2 :!**   Elf:1 =   Snake:2 *
Depths:4 **}   Depths:5 [

Portals:
Hell: Depths:1 Depths:2 Depths:3 Depths:4 Depths:5
Abyss: Depths:3 Depths:4
Pandemonium: Depths:3 Depths:4
Trove: D:11 (give 9 potions of agility)

Annotations:
Lair:3 exclusion: 2 oklob plants
Shoals:4 Ilsuiw
Elf:2 5 runed translucent doors


Innate Abilities, Weirdness & Mutations

You are somewhat resistant to further mutation.


Message History

The tentacled monstrosity constricts you.
The golden dragon closely misses you. x2; The golden dragon misses you.
The yellow draconian hits you but does no damage.
The ghost moth stares at you.
You feel your power leaking away.
You hear a loud "Zot"!
The Orb Guardian hits you!
* * * LOW HITPOINT WARNING * * *
The black draconian shifter blinks!
You block the Brimstone Fiend's attack. The Brimstone Fiend hits you.
* * * LOW HITPOINT WARNING * * *
The Brimstone Fiend misses you. The golden dragon barely misses you.
The golden dragon closely misses you.
The golden dragon completely misses you.
The tentacled monstrosity tentacle-slaps you!
* * * LOW HITPOINT WARNING * * *
The tentacled monstrosity tentacle-slaps you but does no damage.
The tentacled monstrosity tentacle-slaps you!
The Shining One protects you from harm!
You die...

▓▓▓▓▓▓▓▓▓▓▓▓▓▓▓
*▓▓▓.............▓▓▓▓
**........1d○........▓▓▓
**,.......@Xzq..........▓▓
*,,......XzDXdd..........▓
*,,.......d○dLq.........^▓*
**,.......D.yd.(.........▓*
**...........q..........▓.
*▓.......................
**........d.....†§......▓.
**,......................▓*
*,,,.^....^......^.......▓*


You could see a tentacled monstrosity, 2 draconians, 2 golden dragons, an
ancient lich, a Brimstone Fiend, 2 draconians, a green draconian, a purple
draconian, 2 draconians, a white draconian, a curse toe, a black draconian
shifter, a death cob, 2 Orb Guardians and a ghost moth (invisible).

Vanquished Creatures
  the Royal Jelly (Slime:5)
  Dissolution (Slime:2)
  A pandemonium lord (Zig:5)
  6 ancient liches
  3 orbs of fire
  Mara (Depths:1)
  Sojobo (Crypt:1)
  2 Killer Klowns (Zot:5)
  Bai Suzhen (Crypt:1)
  Saint Roka (Elf:2)
  Xtahua (Vaults:3)
  5 caustic shrikes
  7 golden dragons
  3 bone dragons
  8 liches
  3 electric golems (Zig:7)
  A hellephant (Zig:4)
  The ghost of fritzmikael the Eclecticist, an adept GnSu of Okawaru (Depths:2)
  An Ice Fiend (IceCv)
  9 tentacled monstrosities
  7 Orb Guardians (Zot:5)
  6 quicksilver dragons
  2 deep elf blademasters (Elf:3)
  21 acid blobs
  2 deep elf master archers (Elf:3)
  5 titans (Vaults:5)
  The ghost of nano the Swashbuckler, an adept DsBe of Trog (Vaults:2)
  5 death cobs
  8 tentacled starspawn
  4 ancient champions
  A kraken (Shoals:2)
  9 tengu reavers
  4 sphinxes
  Agnes (Elf:1)
  11 storm dragons
  9 shadow dragons
  5 nagarajas (Snake:4)
  11 frost giants
  5 revenants
  Aizul (Snake:3)
  5 draconian monks
  7 deep elf sorcerers
  14 azure jellies
  An iron dragon (Depths:1)
  7 ghost moths
  An emperor scorpion (Zig:6)
  20 vault wardens
  2 draconian scorchers (Zot:3)
  11 fire giants
  A cacodemon (Abyss:1)
  A balrug (Abyss:3)
  3 curse skulls
  5 draconian shifters
  A draconian annihilator (Zot:1)
  6 deep elf elementalists
  19 ironheart preservers
  A juggernaut skeleton (Depths:4)
  20 very ugly things
  2 reapers
  3 draconian stormcallers
  2 war gargoyles (Vaults:5)
  A spriggan defender (Depths:2)
  4 green draconians
  19 stone giants
  2 caustic shrike skeletons (Depths:4)
  4 vampire knights
  7 deep elf demonologists
  12 deep elf annihilators
  10 black draconians
  An entropy weaver (Zig:6)
  19 starcursed masses
  15 red draconians
  8 yellow draconians
  5 spark wasps
  9 purple draconians
  A lorocyproca (Zig:5)
  8 white draconians
  15 ettins
  3 merfolk javelineers (Shoals:4)
  11 merfolk impalers
  8 eidola
  6 fire dragons
  11 deep elf death magi
  A quicksilver dragon zombie (Crypt:3)
  A blizzard demon (Zig:5)
  10 death oozes (Slime:5)
  18 yaktaur captains
  11 jiangshi
  A quicksilver dragon skeleton (Depths:4)
  6 rakshasas
  11 great orbs of eyes
  5 deep elf high priests
  11 ice dragons
  10 anacondas
  5 catoblepae
  17 naga warriors
  38 vault guards
  3 merfolk avatars
  5 spriggan air magi
  10 hydras
  2 merfolk aquamancers (Shoals:1)
  14 centaur warriors
  18 dancing weapons
  3 death knights
  50 two-headed ogres
  4 hell hogs
  16 deep troll shamans
  2 satyrs (Shoals:4)
  5 tengu warriors
  2 death scarabs (Gauntlet)
  10 deep troll earth magi
  22 ogre magi
  Urug (Lair:6)
  8 thrashing horrors
  An orc high priest (Elf:2)
  10 vampire magi
  15 naga sharpshooters
  3 spriggan berserkers
  19 deep elf knights
  17 shock serpents
  A titan zombie (Crypt:1)
  A storm dragon zombie (Crypt:1)
  7 hell knights
  5 salamander mystics
  2 soul eaters
  A sixfirhy (Abyss:1)
  4 iron trolls
  6 titan skeletons
  Sonja (D:11)
  2 fire crabs (shapeshifter)
  A fire crab (Lair:3)
  36 skeletal warriors
  15 sea snakes
  A spectral death yak (Gauntlet)
  30 deep trolls
  8 wretched stars
  A sea snake (shapeshifter) (Depths:2)
  3 unseen horrors
  The ghost of Leekoo the Geomancer, a novice GrEE of Sif Muna (D:7)
  A gelid demonspawn (Depths:4)
  2 storm dragon skeletons (Depths:4)
  A spectral hydra (Gauntlet)
  6 flayed ghosts
  6 glowing orange brains
  An infernal demonspawn (Depths:4)
  A shadow demon (Depths:4)
  A golden dragon skeleton (Depths:4)
  2 orange crystal statues
  20 deep elf archers
  13 ironbrand convokers
  5 naga ritualists
  16 phantasmal warriors
  A lindwurm (Lair:6)
  An anaconda skeleton (Crypt:1)
  7 wizards
  31 harpies
  A wolf spider zombie (D:15)
  A harpy (shapeshifter) (Vaults:2)
  9 necromancers
  5 wolf spiders
  3 orc sorcerers
  67 deep elf magi
  20 orc knights
  A manticore (shapeshifter) (Elf:1)
  4 shining eyes
  A shadow dragon skeleton (Depths:4)
  2 tengu skeletons (Depths:4)
  4 worldbinders
  10 fauns
  11 mana vipers
  9 cyclopes
  10 manticores
  76 ugly things
  17 salamanders
  2 sphinx skeletons (Depths:4)
  36 black mambas
  19 moths of wrath
  An apocalypse crab (Abyss:3)
  12 elephants
  A salamander (shapeshifter) (Abyss:3)
  7 guardian serpents
  An iron dragon skeleton (Depths:4)
  Maurice (D:11)
  A fire giant skeleton (Depths:4)
  6 ice statues
  10 merfolk sirens
  A rust devil (Zig:5)
  23 naga magi
  5 smoke demons
  An eye of devastation (shapeshifter) (Vaults:5)
  A gargoyle (D:13)
  A torpor snail (Lair:5)
  12 spiny frogs
  17 vault sentinels
  A shock serpent skeleton (Crypt:3)
  3 water nymphs
  Psyche (D:11)
  3 molten gargoyles (Lair:6)
  A white draconian zombie (Crypt:3)
  A kobold demonologist (D:10)
  A hellion (Depths:5)
  A guardian serpent (shapeshifter) (Depths:2)
  A komodo dragon (shapeshifter) (Depths:3)
  A spriggan skeleton (Depths:4)
  2 ancient zymes
  3 eyes of devastation
  63 yaktaurs
  2 rime drakes
  An efreet (Zot:4)
  A catoblepas skeleton (Crypt:3)
  15 komodo dragons
  2 demonic crawlers
  10 freezing wraiths
  4 elf skeletons (Depths:4)
  2 red devils
  2 tormentors
  32 merfolk
  A tengu conjurer (Depths:2)
  A death drake zombie (Crypt:1)
  2 jumping spiders
  A wind drake (shapeshifter) (Depths:2)
  4 meliai
  7 hellwings
  10 ice devils
  12 large abominations
  7 trolls
  A merfolk (shapeshifter) (Depths:3)
  A sphinx simulacrum (Vaults:1)
  6 wind drakes
  A queen bee (Abyss:3)
  2 polar bears
  A meliai zombie (D:14)
  105 slime creatures
  An alligator zombie (Crypt:2)
  3 dream sheep (Shoals:1)
  6 hornets
  8 blink frogs
  A fire giant simulacrum (Crypt:1)
  15 hippogriffs
  A hydra skeleton (Crypt:1)
  12 raiju
  19 flying skulls
  8 snapping turtles
  A spectral black mamba (Gauntlet)
  2 spriggans (Depths:5)
  4 ynoxinuls
  A redback (shapeshifter) (Depths:1)
  2 spriggans (shapeshifter)
  A wyvern (shapeshifter) (Vaults:5)
  A fire dragon skeleton (Crypt:1)
  A tarantella (shapeshifter) (Vaults:2)
  2 alligator skeletons
  A guardian serpent skeleton (Crypt:3)
  5 air elementals
  A dire elephant simulacrum (Abyss:1)
  37 yaks
  A vampire (D:15)
  5 wraiths
  6 shadows
  21 water elementals
  5 wyverns
  A hog (shapeshifter) (Vaults:3)
  3 basilisks (Lair:6)
  2 basilisks (shapeshifter)
  A black mamba skeleton (Abyss:2)
  6 fire bats
  A chaos spawn (Abyss:1)
  29 fire elementals
  7 vampire mosquitoes
  3 neqoxecs
  4 golden eyes (Slime:5)
  A spatial vortex (Abyss:3)
  4 steam dragons
  67 nagas
  A warg (shapeshifter) (Vaults:5)
  3 harpy simulacra (IceCv)
  An iron troll simulacrum (IceCv)
  3 insubstantial wisps (Abyss:2)
  2 two-headed ogre zombies
  3 acid dragons
  10 wargs
  A spiny frog zombie (Crypt:2)
  9 hell hounds
  13 water moccasins
  12 porcupines
  41 orc warriors
  A spectral torpor snail (Gauntlet)
  A fire dragon simulacrum (Crypt:1)
  5 sky beasts
  5 ice beasts
  2 black bears
  15 wolves
  24 boggarts
  9 eyes of draining
  A necrophage (D:12)
  An ettin simulacrum (IceCv)
  2 elephant zombies
  3 phantoms
  73 ogres
  24 centaurs
  A torpor snail zombie (Crypt:2)
  12 small abominations
  22 big kobolds
  12 crocodiles
  24 bullfrogs
  An octopode zombie (Crypt:3)
  9 earth elementals
  A wyvern zombie (D:13)
  3 scorpions
  2 spriggan zombies
  A raiju zombie (Crypt:2)
  19 killer bees
  23 wights
  A human simulacrum (Vaults:1)
  2 howler monkeys
  A raiju skeleton (Crypt:1)
  5 electric eels
  8 centaur zombies
  2 bullfrog zombies (Ossuary)
  5 lava snakes (Lair:6)
  6 crimson imps
  6 quasits
  A yaktaur simulacrum (Vaults:1)
  9 hounds
  2 jellies
  16 orc priests
  23 orc wizards
  4 bullfrog skeletons
  9 centaur skeletons
  4 iron imps
  5 iguanas
  10 worker ants
  A polar bear simulacrum (Lair:4)
  5 wolf simulacra (Lair:4)
  A yak simulacrum (Lair:4)
  5 killer bee zombies
  A sky beast zombie (Crypt:3)
  An ogre skeleton (Crypt:1)
  A hound skeleton (D:7)
  A hound zombie (Ossuary)
  17 mummies (Ossuary)
  A howler monkey zombie (Ossuary)
  3 worker ant zombies (Ossuary)
  Robin (D:3)
  13 gnolls
  8 adders
  6 shadow imps
  6 white imps
  3 ufetubi
  An iguana zombie (Crypt:1)
  An ooze (D:5)
  2 adder skeletons
  3 worms
  2 dart slugs
  2 leopard geckos
  132 orcs
  4 giant cockroaches
  13 hobgoblins
  7 jackals
  7 quokkas
  8 bats
  7 frilled lizards
  21 goblins
  A goblin skeleton (Crypt:3)
  26 kobolds
  A leopard gecko skeleton (D:4)
  An orc skeleton (Crypt:1)
  2 quokka skeletons
  2 quokka zombies (Ossuary)
  4 rats
  4 river rat simulacra (Lair:4)
  4 crawling corpses (Elf:3)
  2 fungi
  7 plants
  6 starspawn tentacles
  2 tentacles (Shoals:2)
2996 creatures vanquished.

Vanquished Creatures (collateral kills)
  A nagaraja (Snake:4)
  A minotaur (Gauntlet)
  A death ooze (Slime:5)
  A merfolk impaler (Shoals:4)
  A merfolk aquamancer (Shoals:4)
  A sea snake (Snake:4)
  A harpy (Shoals:4)
  An ugly thing (D:12)
  2 merfolk (Shoals:4)
  A slime creature (Slime:2)
  A wraith (D:11)
  A naga (Snake:4)
  A jelly (D:8)
  A worker ant (D:8)
  A hound zombie (D:8)
  2 adders
  A quokka (D:8)
  A plant (Shoals:4)
20 creatures vanquished.

Vanquished Creatures (others)
  2 stone giants
  A reaper (Zig:5)
  A yaktaur captain (Vaults:4)
  3 centaur warriors
  A merfolk aquamancer (Shoals:3)
  A hell hog (Abyss:1)
  A spriggan berserker (Depths:5)
  A deep elf mage (Elf:1)
  A yaktaur (Vaults:1)
  A meliai (Abyss:3)
  A yak (Lair:6)
  2 insubstantial wisps (Zig:7)
  A jelly (D:7)
  A gnoll (D:4)
  2 ufetubi (Depths:4)
  An orc (Orc:1)
  21 fungi
  53 plants
  12 starspawn tentacles
  4 tentacles (Shoals:2)
  21 withered plants
132 creatures vanquished.

Grand Total: 3148 creatures vanquished

Notes
Turn   | Place    | Note
-------+----------+-------------------------------------------
     0 | D:1      | Amplified the Hill Orc Fighter began the quest for the Orb.
     0 | D:1      | Reached XP level 1. HP: 19/19 MP: 1/1
   173 | D:1      | Reached XP level 2. HP: 22/27 MP: 2/2
   654 | D:2      | Reached XP level 3. HP: 22/33 MP: 3/3
  1343 | D:3      | Noticed Robin
  1347 | D:3      | Reached XP level 4. HP: 37/40 MP: 4/4
  1352 | D:3      | Killed Robin
  1628 | D:4      | Reached XP level 5. HP: 35/47 MP: 5/5
  1725 | D:4      | Noticed a big kobold
  1748 | D:4      | Killed a big kobold
  1930 | D:4      | Found Rivive's Antique Armour Boutique.
  1944 | D:4      | Reached XP level 6. HP: 51/55 MP: 6/6
  1950 | D:4      | Reached skill level 5 in Fighting
  2071 | D:5      | Entered Level 5 of the Dungeon
  2831 | D:4      | Reached skill level 5 in Axes
  2831 | D:4      | Reached skill level 5 in Armour
  2831 | D:4      | Reached skill level 5 in Shields
  3076 | D:4      | Found Caduub's Antique Weapon Shoppe.
  3312 | D:3      | Reached XP level 7. HP: 61/61 MP: 7/7
  4509 | D:6      | Reached XP level 8. HP: 70/70 MP: 8/8
  4557 | D:6      | Found a bloodstained altar of Trog.
  4602 | D:6      | Found a staircase to the Ecumenical Temple.
  4607 | Temple   | Entered the Ecumenical Temple
  4686 | Temple   | Became a worshipper of the Shining One
  4869 | D:6      | Found Utanirui's Distillery.
  5019 | D:6      | Reached skill level 1 in Invocations
  5332 | D:4      | Bought an ichor-stained hand axe for 160 gold pieces
  5332 | D:4      | Identified the +0 hand axe "Dur Afaa" {venom, *Noise rN+++
                  | MR++ Int-3} (You bought it in a shop on level 4 of the
                  | Dungeon)
  5439 | D:7      | Noticed a hippogriff
  5449 | D:7      | Killed a hippogriff
  5649 | D:7      | Reached XP level 9. HP: 33/79 MP: 9/11
  5757 | D:7      | Reached * piety under the Shining One
  6177 | D:8      | Noticed a two-headed ogre
  6222 | D:8      | Killed a two-headed ogre
  6222 | D:8      | Reached skill level 5 in Invocations
  6253 | D:8      | Found a sand-covered staircase.
  6294 | Ossuary  | Entered an ossuary
  6347 | Ossuary  | Reached ** piety under the Shining One
  6576 | Ossuary  | Reached XP level 10. HP: 90/90 MP: 14/14
  6584 | Ossuary  | Reached *** piety under the Shining One
  6891 | D:8      | Found Qioss's General Store.
  7171 | D:8      | Reached **** piety under the Shining One
  7480 | D:9      | Noticed a two-headed ogre
  7910 | D:7      | Found a runed translucent door.
  7921 | D:7      | Noticed Leekoo's ghost (novice GrEE)
  7958 | D:7      | Killed Leekoo's ghost
  7997 | D:7      | Found Ydeic's Jewellery Shoppe.
  8182 | D:8      | Killed a two-headed ogre
  8182 | D:8      | Reached skill level 10 in Axes
  8239 | D:9      | Found a staircase to the Orcish Mines.
  8383 | D:9      | Reached XP level 11. HP: 95/99 MP: 16/16
  8426 | D:9      | Reached skill level 10 in Fighting
  8741 | D:9      | Reached ***** piety under the Shining One
  9157 | D:10     | Entered Level 10 of the Dungeon
  9541 | D:11     | Noticed a manticore
  9555 | D:11     | Killed a manticore
  9652 | D:11     | Noticed Sonja
  9656 | D:11     | Noticed Maurice
  9657 | D:11     | Noticed a white ugly thing
  9661 | D:11     | Noticed Psyche
  9668 | D:11     | Killed Psyche
  9816 | D:10     | Reached skill level 10 in Shields
  9965 | D:10     | Reached skill level 10 in Armour
 10022 | D:10     | Reached XP level 12. HP: 103/110 MP: 19/19
 10044 | D:10     | Found Giruiz's Magic Scroll Boutique.
 10225 | D:10     | Paralysed by a hornet for 3 turns
 10501 | D:4      | Bought a bloodstained ring mail for 225 gold pieces
 10511 | D:4      | Identified the +1 ring mail "Juvejyrch" {rN+} (You bought
                  | it in a shop on level 4 of the Dungeon)
 10624 | Orc:1    | Entered Level 1 of the Orcish Mines
 10624 | Orc:1    | Noticed a two-headed ogre
 10632 | Orc:1    | Killed a two-headed ogre
 11037 | D:12     | Noticed a two-headed ogre
 11046 | D:12     | Killed a two-headed ogre
 11046 | D:12     | Reached skill level 10 in Invocations
 11973 | D:12     | Identified a scroll of acquirement
 12380 | D:13     | Noticed a two-headed ogre
 12586 | D:13     | Found a gate leading to a gauntlet.
 12595 | Gauntlet | Entered a Gauntlet
 12595 | Gauntlet | Found a transporter.
 12885 | Gauntlet | Found a transporter.
 12889 | Gauntlet | Found a transporter.
 12892 | Gauntlet | Found a transporter.
 12892 | Gauntlet | Found a transporter.
 12893 | Gauntlet | Found a transporter.
 12901 | Gauntlet | Found a transporter.
 12904 | Gauntlet | Found a transporter.
 12910 | Gauntlet | Noticed a wretched star
 12917 | Gauntlet | Noticed a death scarab
 12917 | Gauntlet | Noticed a death scarab
 12920 | Gauntlet | Found a transporter.
 12938 | Gauntlet | Found a transporter.
 12942 | Gauntlet | Found a transporter.
 12949 | Gauntlet | Noticed a hell hog
 12950 | Gauntlet | Found a transporter.
 13103 | Gauntlet | Killed a hell hog
 13122 | Gauntlet | Got a pair of distressingly furry gloves
 13123 | Gauntlet | Identified Tuseskopri's Collected Works on Transmigration
                  | and Dark Secrets
 13140 | Gauntlet | Identified the +2 pair of gloves "Tile" {rElec rC+ Int+4}
                  | (You found it in a Gauntlet)
 13300 | Gauntlet | Killed a death scarab
 13300 | Gauntlet | Killed a death scarab
 13326 | Gauntlet | Reached XP level 13. HP: 118/118 MP: 8/21
 13337 | Gauntlet | Got a smoking tin ring
 13343 | Gauntlet | Identified the ring "Amatwes" {Wiz *Drain rElec Str+10
                  | Dex+3} (You found it in a Gauntlet)
 13452 | Gauntlet | Learned a level 1 spell: Confusing Touch
 13454 | Gauntlet | Identified the +5 scale mail of Kueth {rF+ Int+2}
 13454 | Gauntlet | Noticed a minotaur
 13469 | Gauntlet | Killed a minotaur
 13707 | D:11     | Killed Sonja
 13944 | D:11     | Killed Maurice
 14430 | D:11     | Found a staircase to the Lair.
 14533 | D:11     | Found a portal to a secret trove of treasure.
 14805 | Lair:1   | Entered Level 1 of the Lair of Beasts
 15713 | Lair:2   | Reached skill level 1 in Dodging
 16128 | Lair:2   | Found a staircase to the Snake Pit.
 16816 | Lair:3   | Found a transporter.
 16840 | Lair:3   | You fall through a shaft for 2 floors!
 17691 | Lair:4   | Reached XP level 14. HP: 117/129 MP: 24/24
 18049 | Lair:4   | Reached ****** piety under the Shining One
 18575 | Lair:3   | Found a staircase to the Shoals.
 18609 | Lair:3   | Found a transporter.
 18615 | Lair:3   | Reached skill level 15 in Invocations
 18648 | Lair:3   | Got a warped longbow
 18651 | Lair:3   | Identified the +8 longbow of Couzxal {speed, Int+4} (You
                  | found it on level 3 of the Lair of Beasts)
 19631 | Lair:5   | Reached skill level 1 in Bows
 19992 | Lair:5   | Found a staircase to the Slime Pits.
 20285 | Lair:6   | Entered Level 6 of the Lair of Beasts
 20740 | Orc:1    | Found a bloodstained altar of Trog.
 20888 | Orc:2    | Entered Level 2 of the Orcish Mines
 20898 | Orc:2    | Found a staircase to the Elven Halls.
 22338 | D:13     | Reached skill level 5 in Bows
 22642 | D:12     | Reached XP level 15. HP: 67/139 MP: 27/27
 23452 | D:14     | You fall through a shaft!
 23452 | D:15     | Entered Level 15 of the Dungeon
 23652 | D:14     | Reached skill level 15 in Fighting
 23956 | D:14     | Found a gate to the Vaults.
 24590 | D:6      | Bought a potion of curing for 39 gold pieces
 24590 | D:6      | Bought a potion of curing for 39 gold pieces
 24590 | D:6      | Bought a potion of haste for 130 gold pieces
 24590 | D:6      | Bought a potion of haste for 130 gold pieces
 24590 | D:6      | Bought a potion of heal wounds for 65 gold pieces
 24590 | D:6      | Bought a potion of agility for 52 gold pieces
 25873 | Lair:6   | Found a large runed translucent door.
 25873 | Lair:6   | Found a large runed translucent door.
 26210 | Lair:6   | Noticed Urug
 26220 | Lair:6   | Killed Urug
 26349 | Lair:6   | Reached XP level 16. HP: 149/149 MP: 29/29
 27211 | Lair:6   | Reached skill level 10 in Bows
 27698 | Orc:2    | Found Ekhepeir's Distillery.
 27713 | Orc:2    | Found Minucwai's General Store.
 27713 | Orc:2    | Found Oma Bij's Assorted Antiques.
 27713 | Orc:2    | Found Kaphuo Iror's Book Shop.
 27760 | Orc:2    | Bought a scroll of fear for 52 gold pieces
 27761 | Orc:2    | Bought a smoking leather armour for 252 gold pieces
 27761 | Orc:2    | Bought a jade ring for 180 gold pieces
 27921 | Elf:1    | Entered Level 1 of the Elven Halls
 27956 | Elf:1    | Found a frozen archway.
 28066 | IceCv    | Entered an ice cave
 28489 | IceCv    | Noticed an Ice Fiend
 28494 | IceCv    | Killed an Ice Fiend
 28747 | Elf:1    | Found Hihugh's Jewellery Boutique.
 29034 | Elf:1    | Noticed Agnes
 29039 | Elf:1    | Reached XP level 17. HP: 155/160 MP: 30/30
 29046 | Elf:1    | Killed Agnes
 29110 | Elf:1    | Identified the Reference Book on Blows and Bruises
 30134 | Snake:1  | Entered Level 1 of the Snake Pit
 31278 | Snake:2  | Got a heavy robe
 31289 | Snake:2  | Identified the +1 robe "Ajeud" {rPois Slay+2} (You found it
                  | on level 2 of the Snake Pit)
 31299 | Snake:2  | Identified the cursed +1 leather armour "Kulo" {rPois MR-
                  | rCorr SInv} (You bought it in a shop on level 2 of the
                  | Orcish Mines)
 31819 | Snake:2  | Found Iliefif's General Store.
 32066 | Snake:3  | Noticed Aizul
 32125 | Snake:3  | Killed Aizul
 32443 | Snake:3  | Reached XP level 18. HP: 162/171 MP: 32/32
 33242 | Snake:4  | Entered Level 4 of the Snake Pit
 33295 | Snake:4  | Identified a +6 longbow of holy wrath (a +4 longbow of
                  | venom blessed by the Shining One)
 33295 | Snake:4  | Received a gift from the Shining One
 33550 | Snake:4  | Reached skill level 15 in Bows
 34454 | Snake:4  | Reached XP level 19. HP: 116/183 MP: 33/33
 34466 | Snake:4  | Got a serpentine rune of Zot
 34919 | Shoals:1 | Entered Level 1 of the Shoals
 34932 | Shoals:1 | You fall through a shaft!
 36426 | Shoals:4 | Entered Level 4 of the Shoals
 37181 | Shoals:4 | Got a barnacled rune of Zot
 37358 | Shoals:4 | Noticed Ilsuiw
 38797 | Vaults:1 | Entered Level 1 of the Vaults
 38819 | Vaults:1 | Reached XP level 20. HP: 195/195 MP: 34/34
 41241 | Vaults:2 | Identified the +9 morningstar "Buum" {protect, *Drain rF+
                  | Str+2}
 41291 | Vaults:2 | Found a runed translucent gate.
 41291 | Vaults:2 | Found a runed translucent gate.
 41291 | Vaults:2 | Found a runed translucent gate.
 41291 | Vaults:2 | Noticed nano's ghost (adept DsBe)
 41913 | Vaults:2 | Reached XP level 21. HP: 210/210 MP: 35/35
 42042 | Vaults:2 | Found a roughly hewn altar of Beogh.
 42663 | Vaults:2 | Killed nano's ghost
 42683 | Vaults:2 | Got a smoking ivory ring
 42807 | Vaults:2 | Identified the ring "Yvuuvut" {rElec Str+3 Dex+2 Stlth+}
                  | (You found it on level 2 of the Vaults)
 43674 | Vaults:3 | Noticed Xtahua
 43683 | Vaults:3 | Killed Xtahua
 43739 | Vaults:3 | Noticed a golden dragon
 43751 | Vaults:3 | Killed a golden dragon
 43845 | Vaults:3 | Found a staircase to the Crypt.
 43910 | Crypt:1  | Entered Level 1 of the Crypt
 43938 | Crypt:1  | Noticed Sojobo
 44046 | Crypt:1  | Killed Sojobo
 44046 | Crypt:1  | Reached XP level 22. HP: 184/222 MP: 36/36
 44948 | Crypt:1  | Noticed Bai Suzhen
 44967 | Crypt:1  | Killed Bai Suzhen
 45380 | Crypt:2  | Found a transporter.
 45396 | Crypt:2  | Found a transporter.
 45437 | Crypt:2  | Identified the +2 hat of Yxtas {+Inv Str+2} (You found it
                  | on level 2 of the Crypt)
 46047 | Crypt:3  | Entered Level 3 of the Crypt
 46640 | Crypt:3  | Noticed an ancient lich
 46796 | Crypt:3  | Got a heavily runed steel ring
 46802 | Crypt:3  | Found a staircase to the Tomb.
 46840 | Crypt:3  | Cast into level 5 of the Abyss (an ancient lich)
 46840 | Abyss:5  | Entered Level 5 of the Abyss
 46840 | Abyss:5  | Entered Level 5 of the Abyss
 46893 | Crypt:3  | Escaped the Abyss
 46899 | Crypt:3  | Killed an ancient lich
 47219 | Crypt:3  | Identified the ring "Ogamell" {rCorr Dex+5} (You found it
                  | on level 3 of the Crypt)
 47224 | Crypt:3  | Got a steaming wooden ring
 47227 | Crypt:3  | Identified the Disquisition on Dark Magic
 47475 | Crypt:2  | Identified the ring "Jeikh" {Wiz rF- Slay+2 SInv} (You
                  | found it on level 3 of the Crypt)
 47953 | Elf:2    | Found a huge runed translucent gate.
 47953 | Elf:2    | Found a huge runed translucent gate.
 47953 | Elf:2    | Found a huge runed translucent gate.
 47954 | Elf:2    | Found a huge runed translucent gate.
 47956 | Elf:2    | Found a huge runed translucent gate.
 48048 | Elf:2    | Reached XP level 23. HP: 230/232 MP: 38/38
 48269 | Elf:2    | Got a transparent ring mail
 48340 | Elf:2    | Noticed Saint Roka
 48367 | Elf:2    | Killed Saint Roka
 48536 | Elf:2    | Found Ceseyvar's Food Shop.
 48542 | Elf:2    | Bought a ration for 65 gold pieces
 48542 | Elf:2    | Bought a ration for 65 gold pieces
 48542 | Elf:2    | Bought a ration for 65 gold pieces
 48542 | Elf:2    | Bought a ration for 65 gold pieces
 48542 | Elf:2    | Bought a ration for 65 gold pieces
 48542 | Elf:2    | Bought a ration for 65 gold pieces
 48542 | Elf:2    | Bought a ration for 65 gold pieces
 48542 | Elf:2    | Bought a ration for 65 gold pieces
 48542 | Elf:2    | Bought a ration for 65 gold pieces
 48811 | Elf:3    | Entered Level 3 of the Elven Halls
 49157 | Elf:3    | Identified the +3 chain mail of the Blizzard {rN+ Dex+3}
 49895 | Elf:3    | Identified the +6 flail of Wosh {freeze, Int+5}
 49895 | Elf:3    | Identified the amulet of Discord {Spirit Int+4}
 49945 | Elf:3    | Identified the Tome of Torrid Augmentations
 49966 | Elf:3    | Got a pair of ancient gloves
 49970 | Elf:3    | Got a heavily runed cloak
 49981 | Elf:3    | Identified the +1 cloak "Ficzir" {*Slow rC+++ MR- SInv}
                  | (You found it on level 3 of the Elven Halls)
 50001 | Elf:3    | Identified the +2 ring mail of Negation {rCorr} (You found
                  | it on level 2 of the Elven Halls)
 50022 | Elf:3    | Identified the +0 pair of gloves of Compassion {Str+3} (You
                  | found it on level 3 of the Elven Halls)
 50040 | Elf:3    | Identified the Almanac of Air and Talismans
 50899 | Vaults:4 | Reached XP level 24. HP: 170/244 MP: 35/39
 52253 | D:15     | Found a staircase to the Depths.
 52676 | Depths:1 | Entered Level 1 of the Depths
 52676 | Depths:1 | Found a gateway to Hell.
 52760 | Depths:1 | Noticed Mara
 52768 | Depths:1 | Noticed Amplified's illusion
 53111 | D:15     | Reached skill level 27 in Invocations
 53224 | Depths:1 | Noticed Amplified's illusion
 53228 | Depths:1 | Killed Mara
 53822 | Depths:1 | Reached skill level 27 in Fighting
 54240 | Depths:2 | Noticed a caustic shrike
 54241 | Depths:2 | Identified the cursed +1 leather armour of the Blessed
                  | Realm {+Blink}
 54244 | Depths:2 | Identified the +9 hunting sling of Hifupime {velocity,
                  | rElec}
 54381 | Depths:2 | Found a large runed translucent door.
 54381 | Depths:2 | Found a large runed translucent door.
 54464 | Depths:2 | Reached XP level 25. HP: 230/257 MP: 40/40
 54507 | Depths:2 | Identified the +7 battleaxe "Onwod" {antimagic, rElec
                  | Str+6}
 54557 | Depths:2 | Identified the Handbook of Creation and Ignition
 54759 | Depths:2 | Noticed fritzmikael's ghost (adept GnSu)
 55337 | Depths:2 | Killed fritzmikael's ghost
 55369 | Depths:2 | Identified the Tome of Dislocation and Enhancements
 55411 | Depths:3 | Found a gateway to a ziggurat.
 55439 | Depths:3 | Reached skill level 15 in Armour
 55722 | Depths:3 | Found a one-way gate leading to the halls of Pandemonium.
 56039 | Depths:3 | Identified the Papyrus of Unholy Transformation
 56050 | Depths:3 | Identified Diraxt's Volume of the Rocks and Black Rituals
 56195 | Depths:3 | Found a one-way gate to the infinite horrors of the Abyss.
 56527 | Depths:3 | Reached skill level 5 in Dodging
 57008 | Depths:4 | Reached XP level 26. HP: 266/266 MP: 40/40
 57447 | Depths:4 | Found Voworie's Gadget Shop.
 57448 | Depths:4 | Found Inukhlies's Assorted Antiques.
 57448 | Depths:4 | Found Yzapont's General Store.
 57453 | Depths:4 | Found Jomo Kawn's Food Boutique.
 57456 | Depths:4 | Bought a shiny sapphire ring for 135 gold pieces
 57461 | Depths:4 | Bought a ration for 65 gold pieces
 57461 | Depths:4 | Bought a ration for 65 gold pieces
 57461 | Depths:4 | Bought a ration for 65 gold pieces
 57461 | Depths:4 | Bought a ration for 65 gold pieces
 57461 | Depths:4 | Bought a ration for 65 gold pieces
 57461 | Depths:4 | Bought a ration for 65 gold pieces
 57461 | Depths:4 | Bought a ration for 65 gold pieces
 57461 | Depths:4 | Bought a ration for 65 gold pieces
 57461 | Depths:4 | Bought a ration for 65 gold pieces
 57461 | Depths:4 | Bought a ration for 65 gold pieces
 57461 | Depths:4 | Bought a ration for 65 gold pieces
 57461 | Depths:4 | Bought a ration for 65 gold pieces
 57461 | Depths:4 | Bought a ration for 65 gold pieces
 57464 | Depths:4 | Bought a ration for 80 gold pieces
 57611 | Depths:5 | Entered Level 5 of the Depths
 57622 | Depths:5 | Reached skill level 10 in Dodging
 58277 | Depths:5 | Found a gate to the Realm of Zot.
 58438 | Depths:5 | Found Zeacyavvu's Armour Shop.
 58910 | Depths:4 | Voluntarily entered the Abyss.
 59319 | Abyss:1  | Found a corrupted altar of Lugonu.
 59638 | Abyss:2  | Reached XP level 27. HP: 269/273 MP: 40/40
 59744 | Abyss:3  | Got a pitted ivory amulet
 59747 | Abyss:3  | Identified the amulet of Kija {Faith Str+3} (You found it
                  | on level 3 of the Abyss)
 60109 | Abyss:3  | Got an abyssal rune of Zot
 60123 | Abyss:3  | Paralysed by accursed screaming for 1 turns
 60323 | Depths:4 | Escaped the Abyss
 61036 | Vaults:5 | Entered Level 5 of the Vaults
 61256 | Vaults:5 | Identified the ring of the Aged Spreadsheets {rPois MR-
                  | Dex+2 Stlth+}
 61765 | Vaults:5 | Identified the +12 spear of the World {drain, +Fly rElec
                  | rPois}
 62163 | Vaults:5 | Reached skill level 1 in Evocations
 62216 | Vaults:5 | Noticed an ancient lich
 62221 | Vaults:5 | Killed an ancient lich
 62221 | Vaults:5 | Reached skill level 5 in Evocations
 62336 | Vaults:5 | Noticed an ancient lich
 62339 | Vaults:5 | Killed an ancient lich
 62571 | Vaults:5 | Identified the +5 rapier "Yjabop" {freeze, *Slow rPois rF-
                  | Stlth+}
 62731 | Vaults:5 | Got a pair of distressingly furry gloves
 62732 | Vaults:5 | Identified the +2 pair of gloves "Guod" {MR+ Dex+3} (You
                  | found it on level 5 of the Vaults)
 62880 | Vaults:5 | Reached skill level 10 in Evocations
 63117 | Vaults:5 | Got a silver rune of Zot
 63706 | Slime:1  | Entered Level 1 of the Pits of Slime
 63706 | Slime:1  | Found a viscous altar of Jiyva.
 63746 | Slime:1  | Gained mutation: Your magical capacity is low. (-10% MP) [a
                  | shining eye]
 64261 | Slime:2  | Noticed Dissolution
 64268 | Slime:2  | Killed Dissolution
 64750 | Slime:4  | Gained mutation: Your body sometimes deteriorates upon
                  | taking damage. [a shining eye]
 65022 | Slime:5  | Entered Level 5 of the Pits of Slime
 65134 | Slime:5  | Noticed the Royal Jelly
 65143 | Slime:5  | Killed the Royal Jelly
 65376 | Slime:5  | Got a wavering pewter ring
 65378 | Slime:5  | Got a slimy rune of Zot
 65380 | Slime:5  | Got a clouded platinum ring
 65397 | Slime:5  | Identified the ring of Ciqai {rElec rN+ Str+3 SInv Stlth+}
                  | (You found it on level 5 of the Pits of Slime)
 65398 | Slime:5  | Identified the ring "Pehankut" {rCorr +Inv MR+} (You found
                  | it on level 5 of the Pits of Slime)
 65420 | Slime:5  | Found the +8 storm bow {elec}
 65421 | Slime:5  | Identified the +0 pair of gloves of Optimism {rPois rF+}
                  | (You found it on level 5 of the Pits of Slime)
 65521 | Slime:5  | Identified the cursed +1 leather armour "Dioddim" {rC-
                  | rCorr Str+8 Int+4} (You found it on level 5 of the Pits of
                  | Slime)
 65726 | Slime:5  | Reached skill level 15 in Evocations
 66338 | Depths:3 | Lost mutation: Your body sometimes deteriorates upon taking
                  | damage. [potion of mutation]
 66338 | Depths:3 | Lost mutation: Your magical capacity is low. (-10% MP)
                  | [potion of mutation]
 66338 | Depths:3 | Gained mutation: You are somewhat resistant to further
                  | mutation. [potion of mutation]
 66356 | Zig:1    | Entered Level 1 of a ziggurat
 66381 | Zig:2    | Entered Level 2 of a ziggurat
 66724 | Zig:3    | Entered Level 3 of a ziggurat
 66777 | Zig:4    | Entered Level 4 of a ziggurat
 66855 | Zig:4    | Got a smoking helmet
 66866 | Zig:4    | Identified the +3 helmet "Tevvi" {rElec Stlth+} (You found
                  | it on level 4 of a ziggurat)
 66868 | Zig:5    | Entered Level 5 of a ziggurat
 66873 | Zig:5    | Noticed Tuipo the pandemonium lord
 66883 | Zig:5    | Killed Tuipo the pandemonium lord
 66904 | Zig:5    | Got a wavering copper ring
 66910 | Zig:5    | Identified the ring of Iphun {*Corrode +Fly rPois Dex+4}
                  | (You found it on level 5 of a ziggurat)
 66953 | Zig:5    | Learned a level 2 spell: Blink
 66954 | Zig:6    | Entered Level 6 of a ziggurat
 66974 | Zig:6    | Reached skill level 1 in Hexes
 66978 | Zig:6    | Reached skill level 1 in Spellcasting
 67025 | Zig:6    | Identified the Handbook of Mutagenic Venom
 67137 | Zig:7    | Entered Level 7 of a ziggurat
 67252 | Zot:1    | Entered Level 1 of the Realm of Zot
 67320 | Zot:1    | Noticed an orb of fire
 67327 | Zot:1    | Killed an orb of fire
 67477 | Zot:1    | Reached skill level 5 in Hexes
 68542 | Zot:3    | Reached skill level 5 in Spellcasting
 69614 | Zot:4    | Reached skill level 10 in Hexes
 69837 | Zot:5    | Entered Level 5 of the Realm of Zot
 69907 | Zot:5    | Noticed an orb of fire
 69927 | Zot:5    | Killed an orb of fire
 69945 | Zot:5    | Noticed an orb of fire
 69958 | Zot:5    | Killed an orb of fire
 70116 | Zot:5    | Noticed an ancient lich
 70121 | Zot:5    | Paralysed by an ancient lich for 7 turns
 70130 | Zot:5    | Killed an ancient lich
 70364 | Zot:5    | Noticed an ancient lich
 70368 | Zot:5    | Killed an ancient lich
 70533 | Zot:5    | Noticed an ancient lich
 70533 | Zot:5    | Noticed an ancient lich
 70541 | Zot:5    | Killed an ancient lich
 70548 | Zot:5    | HP: 3/273 [tentacled monstrosity[the power of Zot] (14)]
 70548 | Zot:5    | The Shining One protects you from harm!
 70548 | Zot:5    | Slain by a tentacled monstrosity

Skill      XL: |  1  2  3  4  5  6  7  8  9 10 11 12 13 14 15 16 17 18 19 20 21 22 23 24 25 26 27 |
---------------+----------------------------------------------------------------------------------+-----
Axes           | 3 4 5 6 7 8 10 11 12 13 14 | 14.0
Fighting       | 4 5 6 7 8 9 11 12 13 14 15 16 17 19 20 22 23 24 25 27 | 27.0
Armour         | 4 5 6 7 9 10 11 13 16 18 20 | 20.7
Shields        | 4 5 6 7 9 10 11 12 | 12.6
Invocations    | 3 5 7 9 11 14 16 18 19 20 21 23 25 27 | 27.0
Dodging        | 2 3 8 12 14 | 14.7
Bows           | 5 9 11 14 16 17 19 20 | 20.2
Evocations     | 16 | 16.0
Hexes          | 12 | 12.5
Spellcasting   | 9 |  9.9

Action                   |  1- 3 |  4- 6 |  7- 9 | 10-12 | 13-15 | 16-18 | 19-21 | 22-24 | 25-27 || total
-------------------------+-------+-------+-------+-------+-------+-------+-------+-------+-------++-------
Melee: War axe           |    96 |   174 |    32 |       |       |       |       |       |       ||   302
       Whip              |       |       |   116 |       |       |       |       |       |       ||   116
       Hand axe          |       |       |   125 |    33 |   556 |       |       |       |       ||   714
       Trident           |       |       |    65 |   934 |   177 |     7 |       |       |       ||  1183
       Longbow           |       |       |       |       |       |       |     1 |       |     1 ||     2
 Fire: Longbow           |       |       |       |       |   684 |  1289 |  1639 |  1440 |  3016 ||  8068
 Cast: Confusing Touch   |       |       |       |       |     1 |       |       |       |       ||     1
Invok: Divine Shield     |       |       |       |     4 |     4 |     1 |     2 |     1 |     1 ||    13
       Cleansing Flame   |       |       |       |     7 |     3 |     5 |     9 |    24 |    59 ||   107
       Summon Divine War |       |       |       |     2 |     1 |       |     1 |       |     2 ||     6
       Brand Weapon With |       |       |       |       |       |     1 |       |       |       ||     1
Evoke: Wand              |       |     3 |    11 |     2 |     5 |     3 |       |       |     3 ||    27
       Lamp of fire      |       |       |       |       |     3 |     2 |     1 |       |     1 ||     7
  Use: Scroll            |     7 |     2 |     7 |    15 |    20 |     8 |    10 |     9 |    20 ||    98
       Potion            |       |     6 |     3 |     3 |    13 |     6 |     9 |     2 |    10 ||    52
  Eat: Ration            |     1 |     2 |     1 |     5 |     6 |     6 |     4 |     6 |    13 ||    44
       Chunk             |       |       |     5 |    10 |    20 |     5 |    14 |    12 |    15 ||    81
Armor: Scale mail        |     5 |       |       |       |   509 |   250 |   183 |   135 |   423 ||  1505
       Chain mail        |    67 |   106 |   135 |   377 |       |       |       |       |       ||   685
       Ring mail         |       |       |       |    74 |     3 |       |       |       |       ||    77
Dodge: Dodged            |    26 |    54 |    69 |   229 |   460 |   224 |   178 |   126 |   798 ||  2164
Block: Shield            |    42 |    97 |   166 |   602 |   411 |       |       |       |       ||  1318
       Other             |       |       |       |       |    16 |     7 |   102 |    77 |   264 ||   466
       Reflection        |       |       |       |       |       |       |    26 |    28 |    20 ||    74
